 Dungeon Crawl Stone Soup version 0.14-a0-2618-g5301534 (webtiles) character file.

11 Kae the Ruffian (level 1, 0/16 HPs)
             Began as a Draconian Transmuter on Feb 14, 2014.
             Slain by a giant gecko (4 damage)
             ... on Level 1 of the Dungeon.
             The game lasted 00:00:35 (358 turns).

Kae the Ruffian (Draconian Transmuter)               Turns: 358, Time: 00:00:35

HP   0/16        AC  4     Str 12      XL: 1   Next: 83%
MP   1/3         EV 12     Int 13      God:
Gold 4           SH  0     Dex 11      Spells:  1 memorised,  3 levels left

rFire  . . .     SeeInvis .       - Unarmed
rCold  . . .     Clarity  .     (armour unavailable)
rNeg   . . .     Conserve .     (no shield)
rPois  .         rCorr    .     (helmet restricted)
rElec  .         rRot     .     (no cloak)
SustAb . .       Spirit   .     (no gloves)
rMut   .         Warding  .     (boots unavailable)
Saprov . . .     Stasis   .     (no amulet)
MR     .....                    (no ring)
                                (no ring)

@: appendage (expiring), very slightly contaminated, not resistant to hostile
enchantments, unstealthy
A: unfitting armour, talons 3, AC +4
a: End Transformation


You were on level 1 of the Dungeon.
You were not hungry.
You had grown temporary talons.
You visited 1 branch of the dungeon, and saw 1 of its levels.

You collected 4 gold pieces.

Inventory:

Missiles
 b - 31 arrows
Comestibles
 a - 4 bread rations
Scrolls
 e - a scroll of noise {unknown}
 f - a scroll of curse weapon {unknown}
 g - a scroll of immolation {unknown}
 h - a scroll of fog {unknown}
 i - 2 scrolls of enchant armour {unknown}
 j - a scroll of fear {unknown}
 k - a scroll of magic mapping {unknown}
 p - a scroll of teleportation {unknown}
 r - a scroll of curse jewellery {unknown}
Jewellery
 m - an uncursed ring of protection from magic {unknown}
 n - an uncursed amulet of resist mutation {unknown}
 q - an uncursed amulet of clarity {unknown}
Potions
 c - a potion of mutation {unknown}
 l - a potion of resistance {unknown}
 o - a potion of heal wounds {unknown}
Books
 d - a book of Changes

   Spells                             Type                      Level
   *Beastly Appendage                 Transmutation                1
   Sticks to Snakes                   Transmutation                2
   Spider Form                        Transmutation/Poison         3
   Ice Form                           Ice/Transmutation            4
   Blade Hands                        Transmutation                5


   Skills:
 - Level 1.1 Fighting
 - Level 1.7 Dodging
 * Level 3.3 Unarmed Combat
 - Level 2.0 Spellcasting
 + Level 2.2 Transmutations


You had 3 spell levels left.
You knew the following spells:

 Your Spells              Type           Power        Failure   Level  Hunger
a - Beastly Appendage     Trmt           #.....       12%         1    ##.....


Dungeon Overview and Level Annotations

Branches:
Dungeon (1/16)

Altars:


Innate Abilities, Weirdness & Mutations

Your plain brown scales are hard (AC +4).
Your body does not fit into most forms of armour.
Your cold-blooded metabolism reacts poorly to cold.
You have claws for feet.


Message History

The giant gecko is heavily wounded.
The giant gecko barely misses you.
You hit the giant gecko. Your kick misses the giant gecko.
The giant gecko is severely wounded.
The giant gecko bites you.
You barely miss the giant gecko. You claw the giant gecko.
The giant gecko is almost dead.
The giant gecko completely misses you.
You closely miss the giant gecko.
Your tail-slap misses the giant gecko.
The giant gecko is almost dead.
The giant gecko bites you.
* * * LOW HITPOINT WARNING * * *
You barely miss the giant gecko. Your kick misses the giant gecko.
The giant gecko is almost dead.
Your transformation is almost over.
The giant gecko closely misses you.
You barely miss the giant gecko.
The giant gecko is almost dead.
The giant gecko bites you.
You die...

. #.# #.# #.# #.#### #....#
#############..#.#
############.rhl@..(........##
#...h.r..r.#.###########.....#
#.########.#.# ##...###.###.#
...# #h#.# ##........# #.# ....#
#.#r###.......#.###.# ....#
#...................####
..#.######.###...................
..#.##.....# #..........##.######
..#.##.###.###.#.......###.#


You could see a giant gecko, a jackal and a rat.

Vanquished Creatures
  A ball python (D:1)
  A hobgoblin (D:1)
  A jackal (D:1)
  A giant cockroach (D:1)
  3 rats (D:1)
7 creatures vanquished.

Notes
Turn   | Place    | Note
--------------------------------------------------------------
     0 | D:1      | Kae, the Draconian Transmuter, began the quest for the Orb.
     0 | D:1      | Reached XP level 1. HP: 16/16 MP: 3/3
   358 | D:1      | Slain by a giant gecko

Action                   || total
-------------------------++-------
Melee: Unarmed           ||    33
 Cast: Beastly Appendage ||     2
